 Dungeon Crawl Stone Soup version 0.21.1-1-g345015f (webtiles) character file.

200 kae the Insei (level 5, -1/34 HPs)
             Began as an Octopode Transmuter on June 11, 2018.
             Killed by nerve-wracking pain
             ... invoked by p0werm0de's ghost
              (5 damage)
             ... on level 4 of the Dungeon.
             The game lasted 00:03:11 (4159 turns).

kae the Insei (Octopode Transmuter)                 Turns: 4159, Time: 00:03:11

Health: -1/34      AC:  1    Str:  9    XL:     5   Next: 78%
Magic:  9/9        EV: 14    Int: 15    God:
Gold:   175        SH:  0    Dex: 14    Spells: 3/9 levels left

rFire    . . .     SeeInvis .     - Unarmed
rCold    . . .     Gourm    .   (no shield)
rNeg     . . .     Faith    .   (helmet restricted)
rPois    .         Spirit   .   (no amulet)
rElec    .         Reflect  .   (no ring)
rCorr    .         Harm     .   (no ring)
MR       .....                  (no ring)
Stlth    ++........             (no ring)
HPRegen  0.11/turn              (no ring)
MPRegen  0.11/turn              (no ring)
                                (no ring)
                                (no ring)

@: no status effects
A: almost no armour, stealthy swim, amphibious, 8 rings, constrict 8, camouflage
1, gelatinous body 1
a: no special abilities


You were on level 4 of the Dungeon.
You were hungry.

You visited 1 branch of the dungeon, and saw 4 of its levels.

You collected 175 gold pieces.

Inventory:

Missiles
 a - 65 arrows
Jewellery
 n - a +2 ring of protection {unknown}
 o - a cursed -2 ring of strength {unknown}
Scrolls
 d - a scroll of identify
 f - 3 scrolls of teleportation
Potions
 e - a potion of ambrosia
 g - a potion of degeneration
 h - a potion of resistance
 i - a potion of curing {unknown}
 j - a potion of might {unknown}
 k - a potion of lignification
 m - a potion of heal wounds
 p - a potion of brilliance
 q - a potion of berserk rage {unknown}
Books
 b - a book of Changes

   Spells                             Type                      Level
   a - Beastly Appendage              Transmutation                1
   b - Sticks to Snakes               Transmutation                2
   c - Spider Form                    Transmutation/Poison         3
   d - Ice Form                       Ice/Transmutation            4
   e - Blade Hands                    Transmutation                5
Comestibles
 c - 7 rations


   Skills:
 + Level 2.3 Fighting
 + Level 2.9 Dodging
 * Level 4.4 Unarmed Combat
 + Level 2.7 Spellcasting
 + Level 2.8 Transmutations


You had 3 spell levels left.
You knew the following spells:

 Your Spells              Type           Power        Failure   Level  Hunger
a - Beastly Appendage     Tmut           ##....       6%          1    #......
b - Sticks to Snakes      Tmut           ##......     10%         2    ##.....
c - Spider Form           Tmut/Pois      #.........   34%         3    ###....


Dungeon Overview and Level Annotations

Branches:
Dungeon (4/15)
 Temple: D:4-7

Altars:
Ashenzari
Ru
Sif Muna

Annotations:
D:4 exclusion: ogre, p0werm0de's ghost, amateur OpNe


Innate Abilities, Weirdness & Mutations

You cannot wear most types of armour.
You are very stealthy in the water. (Stealth+)
You are amphibious.
You can wear up to eight rings at the same time.
You can use your tentacles to constrict eight enemies at once.
Your skin changes colour to match your surroundings (Stealth+).
Your rubbery body absorbs attacks. (AC +1, EV +1)


Message History

You see here a giant cockroach corpse.
There is a stone staircase leading down here.
You see here a hat.
You are feeling hungry.
P0werm0de's ghost turns its malevolent gaze towards you.
P0werm0de's ghost stares at you and mumbles some strange words.
Pain shoots through your body!
P0werm0de's ghost is nearby!
P0werm0de's ghost is nearby!
Unknown command.
Unknown command.
P0werm0de's ghost hits you! P0werm0de's ghost casts a spell at you.
Pain shoots through your body!
* * * LOW HITPOINT WARNING * * *
P0werm0de's ghost casts a spell at you.
You barely resist. P0werm0de's ghost casts a spell at you.
Pain shoots through your body!
You die...

...#### +.........##†#
...##.... ###.####..##.#
..#.#.##.## #.# #..##.#
##........# #.####..##.#
###.# ..# ####..........#
#.# #.# ##..........####
#.# #.#####.#########.#
#####.###.......#########.#
............W...@.....<.W÷#
##.##..#...#.###########..#
#.###.##.##.# #..# #.#
#.##.##.# #..# #.#
#.##.##.# #######..# ###
####.##.#####........#
#..........#####.##
#....####### #.# ♣♣##..###
#.#


You could see p0werm0de's ghost.

Vanquished Creatures
  A hound (D:4)
  A bullfrog skeleton (D:4)
  5 adders
  An adder skeleton (D:4)
  2 worms (D:2)
  5 dart slugs
  2 leopard geckos (D:2)
  An orc (D:4)
  7 bats
  4 giant cockroaches
  6 goblins
  7 hobgoblins
  9 jackals
  9 kobolds
  4 quokkas
  3 ball pythons
  4 frilled lizards
  2 quokka skeletons (D:4)
  4 rats
77 creatures vanquished.

Notes
Turn   | Place    | Note
-------+----------+-------------------------------------------
     0 | D:1      | kae the Octopode Transmuter began the quest for the Orb.
     0 | D:1      | Reached XP level 1. HP: 13/13 MP: 3/3
   119 | D:1      | Reached XP level 2. HP: 14/18 MP: 3/5
   553 | D:1      | Reached XP level 3. HP: 21/23 MP: 6/6
  1152 | D:2      | Reached XP level 4. HP: 24/28 MP: 7/7
  1846 | D:2      | Found a shattered altar of Ashenzari.
  1847 | D:2      | Found a sacrificial altar of Ru.
  2188 | D:3      | Reached skill level 4 in Unarmed Combat
  2473 | D:3      | Reached XP level 5. HP: 18/34 MP: 8/8
  3160 | D:4      | Noticed an ogre
  3165 | D:4      | Learned a level 2 spell: Sticks to Snakes
  3169 | D:4      | Learned a level 3 spell: Spider Form
  3531 | D:4      | Noticed p0werm0de's ghost (amateur OpNe)
  4106 | D:4      | Found a deep blue altar of Sif Muna.
  4159 | D:4      | Killed from afar by p0werm0de's ghost

Skill      XL: |  1  2  3  4  5 |
---------------+----------------+-----
Unarmed Combat | 4 |  4.4
Fighting       | 2 |  2.3
Dodging        | |  2.9
Spellcasting   | |  2.7
Transmutations | |  2.8

Action                   |  1- 3 |  4- 6 || total
-------------------------+-------+-------++-------
Melee: Unarmed           |    66 |   101 ||   167
       Constrict         |    20 |    29 ||    49
       Kick              |    11 |    16 ||    27
       Tentacles         |    12 |    20 ||    32
       Punch             |     4 |     1 ||     5
 Cast: Beastly Appendage |    15 |    19 ||    34
  Use: Scroll            |       |    10 ||    10
 Stab: Sleeping          |     8 |     9 ||    17
  Eat: Chunk             |     1 |     9 ||    10
Armor: Skin              |     8 |     7 ||    15
Dodge: Dodged            |    33 |    58 ||    91
